 Dungeon Crawl Stone Soup version 0.22-a0-189-g981819d (webtiles) character file.

24644 wolfsongas the Cleaver (level 12, -1/100 HPs)
             Began as a Deep Dwarf Fighter on Feb 15, 2018.
             Was an Elder of Makhleb.
             Slain by a 19-headed hydra (6 damage)
             ... on level 4 of the Lair of Beasts.
             The game lasted 00:21:05 (9805 turns).

wolfsongas the Cleaver (Deep Dwarf Fighter)         Turns: 9805, Time: 00:21:05

Health: -1/100     AC: 22    Str: 23    XL:     12   Next: 82%
Magic:  3/3        EV: 11    Int: 11    God:    Makhleb [****..]
Gold:   603        SH: 19    Dex: 14    Spells: 11/11 levels left

rFire    + + .     SeeInvis .   a - +2 war axe (freeze)
rCold    + . .     Gourm    .   c - +1 shield
rNeg     . . .     Faith    .   t - +0 plate armour
rPois    +         Spirit   .   (no helmet)
rElec    .         Reflect  +   x - +0 cloak
rCorr    .         Harm     .   g - +0 pair of gloves
MR       +....                  v - +3 pair of boots "Esunt" {rPois rF+ Regen+ Stlth+}
Stlth    ..........             h - +6 amulet of reflection
HPRegen  0.00/turn              s - ring of protection from fire
MPRegen  0.08/turn              (no ring)

@: non-regenerating
A: damage resistance, heal wounds, thin skeletal structure 1, blurry vision 1,
cold resistance 1, frail 1, sense surroundings 2, no regeneration
a: Heal Wounds, Minor Destruction, Lesser Servant of Makhleb, Major Destruction,
Renounce Religion


You were on level 4 of the Lair of Beasts.
You worshipped Makhleb.
Makhleb was greatly pleased with you.
You were not hungry.

You visited 2 branches of the dungeon, and saw 15 of its levels.

You collected 603 gold pieces.

Inventory:

Hand Weapons
 a - a +2 war axe of freezing (weapon)
 B - the +8 whip "Snakebite" {curare, rPois}
   (You found it on level 2 of the Lair of Beasts)

   It poisons the flesh of those it strikes.
   It protects you from poison.
Armour
 c - a +1 shield (worn)
 d - a +0 chain mail of cold resistance
 g - a +0 pair of gloves (worn)
 q - a +0 pair of boots
 t - a +0 plate armour (worn)
 v - the +3 pair of boots "Esunt" (worn) {rPois rF+ Regen+ Stlth+}
   (You acquired it on level 8 of the Dungeon)

   It protects you from fire.
   It protects you from poison.
   It increases your rate of regeneration.
   It makes you more stealthy.
 x - a +0 cloak (worn)
Jewellery
 h - a +6 amulet of reflection (around neck)
 s - a ring of protection from fire (left hand)
Wands
 r - a wand of flame (117)
 u - a wand of digging (40)
 D - a wand of random effects (22)
 E - a wand of iceblast (9)
 F - a wand of disintegration (9)
Scrolls
 e - a scroll of magic mapping
 j - 4 scrolls of amnesia
 l - 9 scrolls of teleportation
 m - 12 scrolls of identify
 p - a scroll of blinking
 y - a scroll of fear
 A - a scroll of remove curse
 C - 2 scrolls of fog
 G - a scroll of brand weapon
Potions
 b - a potion of resistance
 i - a potion of haste
 n - 2 potions of agility
 o - a potion of flight
 w - a potion of magic
 z - 4 potions of curing
Comestibles
 f - 25 rations
 k - 5 chunks of flesh


   Skills:
 + Level 8.6 Fighting
 * Level 13.6 Axes
 + Level 10.4 Armour
 + Level 9.8 Dodging
 + Level 10.4 Shields


You had 11 spell levels left.
You didn't know any spells.

Dungeon Overview and Level Annotations

Branches:
Dungeon (11/15)            Temple (0/1) D:7            Lair (4/6) D:10
 Shoals (0/4) Lair:4        Snake (0/4) Lair:2
    Orc: D:9-12

Altars:
Ashenzari
Cheibriados
Fedhas
Gozag
Makhleb
Nemelex Xobeh
Qazlal
Trog
Xom
Yredelemnul

Annotations:
Lair:4 exclusion: oklob plant


Innate Abilities, Weirdness & Mutations

You are resistant to damage.
You can heal yourself by infusing magical energy.
You passively map the area around you.
You do not regenerate.
You have a somewhat thin skeletal structure. (Dex +2, Stealth)
Scrolls take you a little longer to read.
Your flesh is cold resistant. (rC+)
You are frail. (-10% HP)


Message History

Some of the chunks of flesh in your inventory have rotted away.
Your plate armour prevents you from hitting the 19-headed hydra.
The 19-headed hydra is almost dead.
The 19-headed hydra bites you!
* * * LOW HITPOINT WARNING * * *
The 19-headed hydra bites you but does no damage.
You block the 19-headed hydra's attack. x2
The 19-headed hydra bites you but does no damage. x2
You block the 19-headed hydra's attack. The 19-headed hydra bites you!
* * * LOW HITPOINT WARNING * * *
The 19-headed hydra bites you but does no damage.
The 19-headed hydra bites you!
* * * LOW HITPOINT WARNING * * *
The 19-headed hydra bites you but does no damage.
The 19-headed hydra closely misses you. The 19-headed hydra bites you!
* * * LOW HITPOINT WARNING * * *
The 19-headed hydra barely misses you.
The 19-headed hydra bites you but does no damage.
The 19-headed hydra bites you!
You die...

,,***,,,,,,,* ##..........##
****,,,,,,,** #...........# ,*
*,,,,,.,,* ##...........
****,,,,,..,** ##..........>.
**,,,,,,,...,* ###.............
,,,,,,,,,....**###...............
,,,,,,,,,...P.##..#...#..........
,,,,,,,,,.......†.....#..........
,,*,,,,,,......D@....###.........
,,,,,,,,,≈≈....††≈≈≈.P#..........
,*,,,,,,,≈P≈P≈.≈≈≈≈≈.####..[†....
,**,,,,,,≈≈≈≈≈P≈≈≈≈≈.####........
**,,,,,,,≈≈≈P≈≈≈≈≈≈P...###.......
***,,,,,,≈≈≈≈P≈≈P≈≈P...###....#..
*,,,,*,≈≈≈≈≈≈≈≈P≈≈.............
**,,,,*P≈PP≈≈≈≈≈≈≈♣......#.....
*,*,,*≈≈≈≈≈≈≈≈≈≈≈♣.....###.P..


You could see a 19-headed hydra.

Vanquished Creatures
  Kirke (Lair:4)
  4 hydras
  2 two-headed ogres (D:9)
  Pikel (D:5)
  An unseen horror (D:8)
  Maurice (D:8)
  5 black mambas
  A molten gargoyle (Lair:2)
  6 spiny frogs
  A rime drake (Lair:2)
  3 komodo dragons
  A hornet (D:8)
  3 hippogriffs
  2 wyverns
  16 yaks
  7 hogs (Lair:4)
  A hungry ghost (D:7)
  A basilisk (Lair:1)
  3 steam dragons
  2 wargs (D:10)
  Menkaure (D:6)
  A naga (Lair:2)
  13 water moccasins
  4 porcupines
  4 orc warriors
  An eye of draining (D:10)
  4 sky beasts
  2 slaves (D:5)
  An ice beast (D:7)
  A black bear (D:8)
  10 wolves
  3 phantoms
  3 ogres
  4 centaurs
  5 crocodiles
  10 bullfrogs
  5 scorpions
  5 killer bees (D:7)
  An electric eel (Lair:4)
  A centaur zombie (D:5)
  3 crimson imps
  A quasit (D:9)
  5 jellies
  A gnoll shaman (D:10)
  7 orc priests
  3 hounds
  A bullfrog skeleton (D:7)
  A centaur skeleton (D:4)
  2 iguanas
  Jessica (D:3)
  3 worker ants
  A hound zombie (D:7)
  2 hound skeletons
  A howler monkey zombie (D:5)
  4 gnolls (D:10)
  12 adders
  2 shadow imps
  7 oozes
  2 worms (D:4)
  3 dart slugs
  7 leopard geckos
  28 orcs
  4 giant cockroaches
  7 goblins
  8 hobgoblins
  7 jackals (D:8)
  3 quokkas
  6 bats
  6 frilled lizards
  A giant cockroach zombie (D:6)
  A jackal skeleton (D:4)
  A jackal zombie (D:6)
  9 kobolds
  A leopard gecko zombie (D:7)
  4 rats
  2 fungi (Lair:3)
  A plant (Lair:4)
299 creatures vanquished.

Vanquished Creatures (others)
  Nessos (Lair:4)
  2 fungi
  5 plants (Lair:4)
8 creatures vanquished.

Grand Total: 307 creatures vanquished

Notes
Turn   | Place    | Note
-------+----------+-------------------------------------------
     0 | D:1      | wolfsongas the Deep Dwarf Fighter began the quest for the Orb.
     0 | D:1      | Reached XP level 1. HP: 20/20 MP: 1/1
   134 | D:1      | Reached XP level 2. HP: 27/27 MP: 2/2
   598 | D:1      | Reached XP level 3. HP: 33/33 MP: 3/3
   944 | D:2      | Reached skill level 3 in Axes
   978 | D:2      | Reached skill level 1 in Dodging
  1070 | D:2      | Found a snail-covered altar of Cheibriados.
  1357 | D:2      | Reached XP level 4. HP: 31/42 MP: 4/4
  1857 | D:3      | Noticed Jessica
  1885 | D:3      | Killed Jessica
  2248 | D:4      | Reached XP level 5. HP: 38/49 MP: 4/4
  2292 | D:4      | Reached skill level 4 in Axes
  2452 | D:4      | Reached XP level 6. HP: 25/56 MP: 5/5
  2735 | D:5      | Entered Level 5 of the Dungeon
  2803 | D:5      | Reached skill level 5 in Axes
  2807 | D:5      | Reached XP level 7. HP: 29/63 MP: 6/6
  2825 | D:5      | Noticed Pikel
  2842 | D:5      | Killed Pikel
  2842 | D:5      | Reached skill level 6 in Axes
  2842 | D:5      | Reached skill level 5 in Armour
  2842 | D:5      | Reached skill level 5 in Shields
  2870 | D:5      | Found an opulent altar of Gozag.
  3007 | D:5      | Reached XP level 8. HP: 11/72 MP: 7/7
  3408 | D:6      | Found a blossoming altar of Fedhas.
  3556 | D:6      | Noticed Menkaure
  3561 | D:6      | Killed Menkaure
  3565 | D:6      | Identified Witchery, Part One
  3914 | D:7      | Reached skill level 7 in Axes
  4156 | D:7      | Reached skill level 5 in Fighting
  4185 | D:7      | Reached skill level 5 in Dodging
  4185 | D:7      | Gained mutation: You passively map the area around you. [Deep Dwarf growth]
  4185 | D:7      | Reached XP level 9. HP: 41/81 MP: 6/6
  4239 | D:7      | Found an opulent altar of Gozag.
  4243 | D:7      | Found a stormy altar of Qazlal.
  4244 | D:7      | Found a burning altar of Makhleb.
  4244 | D:7      | Found a bloodstained altar of Trog.
  4250 | D:7      | Became a worshipper of Makhleb the Destroyer
  4431 | D:7      | Reached skill level 8 in Axes
  4475 | D:7      | Found a sparkling altar of Nemelex Xobeh.
  4552 | D:7      | Found a staircase to the Ecumenical Temple.
  4598 | D:7      | HP: 2/81 [steam dragon] (9)]
  5310 | D:8      | Killed an unseen horror
  5310 | D:8      | Reached skill level 9 in Axes
  5349 | D:8      | Identified a scroll of acquirement
  5350 | D:8      | Got a pair of jewelled boots
  5361 | D:8      | Identified the +3 pair of boots "Esunt" {rPois rF+ Regen+ Stlth+} (You acquired it on level 8 of the Dungeon)
  5422 | D:8      | Reached * piety under Makhleb
  5422 | D:8      | Reached XP level 10. HP: 24/91 MP: 6/6
  5459 | D:8      | Noticed Maurice
  5513 | D:8      | Killed Maurice
  6036 | D:9      | Noticed a two-headed ogre
  6044 | D:9      | Killed a two-headed ogre
  6075 | D:9      | Reached skill level 10 in Axes
  6299 | D:9      | Reached ** piety under Makhleb
  6364 | D:9      | Found a basalt altar of Yredelemnul.
  6366 | D:9      | Noticed a two-headed ogre
  6378 | D:9      | Killed a two-headed ogre
  6378 | D:9      | Reached XP level 11. HP: 54/99 MP: 5/5
  6409 | D:9      | Reached skill level 11 in Axes
  6535 | D:9      | Gained mutation: You are surrounded by a mild repulsion field. (EV +2) [potion of mutation]
  6535 | D:9      | Gained mutation: You passively map a large area around you. [potion of mutation]
  6563 | D:10     | Entered Level 10 of the Dungeon
  6586 | D:10     | Found a shattered altar of Ashenzari.
  6614 | D:10     | Found an opulent altar of Gozag.
  6700 | D:10     | Found a staircase to the Lair.
  7132 | Lair:1   | Entered Level 1 of the Lair of Beasts
  7155 | Lair:1   | Noticed a five-headed hydra
  7193 | Lair:1   | Killed a 19-headed hydra
  7405 | Lair:1   | Reached *** piety under Makhleb
  7742 | Lair:1   | Noticed a seven-headed hydra
  7773 | Lair:1   | HP: 4/100 [19-headed hydra (10)]
  7790 | Lair:1   | Killed a 19-headed hydra
  7790 | Lair:1   | Reached skill level 12 in Axes
  8090 | Lair:2   | Found a staircase to the Snake Pit.
  8541 | Lair:2   | Reached XP level 12. HP: 110/110 MP: 3/3
  8618 | Lair:2   | Found the +8 whip "Snakebite" {curare, rPois}
  8889 | Lair:3   | Noticed a four-headed hydra
  8910 | Lair:3   | Killed a 14-headed hydra
  8940 | Lair:3   | Found a shimmering altar of Xom.
  9187 | Lair:3   | Lost mutation: You are surrounded by a mild repulsion field. (EV +2) [potion of mutation]
  9187 | Lair:3   | Lost mutation: You passively map a large area around you. [potion of mutation]
  9187 | Lair:3   | Gained mutation: Scrolls take you a little longer to read. [potion of mutation]
  9187 | Lair:3   | Gained mutation: You have a somewhat thin skeletal structure. (Dex +2, Stealth) [potion of mutation]
  9187 | Lair:3   | Gained mutation: You are frail. (-10% HP) [potion of mutation]
  9187 | Lair:3   | Gained mutation: Your flesh is cold resistant. (rC+) [potion of mutation]
  9421 | Lair:3   | Reached skill level 13 in Axes
  9528 | Lair:4   | Noticed Kirke
  9532 | Lair:4   | Noticed Nessos
  9535 | Lair:4   | Reached skill level 10 in Armour
  9539 | Lair:4   | Reached skill level 10 in Shields
  9552 | Lair:4   | Killed Kirke
  9569 | Lair:4   | Killed Nessos
  9629 | Lair:4   | Noticed a five-headed hydra
  9656 | Lair:4   | Killed a 15-headed hydra
  9772 | Lair:4   | Noticed a seven-headed hydra
  9779 | Lair:4   | Reached **** piety under Makhleb
  9805 | Lair:4   | HP: 5/100 [19-headed hydra (7)]
  9805 | Lair:4   | Slain by a 19-headed hydra

Vault maps used:
D:1:      minmay_arrival_cross, serial_forest, infiniplex_forest_diagonal,
          infiniplex_forest_clump_diagonal, infiniplex_forest_clump_small,
          infiniplex_forest_clump_large, infiniplex_forest_end_1,
          infiniplex_forest_straight_2
D:2:      marbit_many_paths, first_ration
D:3:      uniq_jessica
D:4:      kennysheep_generic_room_15
D:5:      nicolae_gozag_cash_rules_everything_around_me, uniq_pikel
D:6:      fedhas_altar_4, uniq_menkaure
D:7:      kennysheep_little_box, minitemple, lemuel_temple_firewalk_b
D:8:      uniq_maurice
D:9:      basic_altar, hangedman_little_slice_of_home, dk_noncrumbling_4
D:10:     erik_lair_orcish_takeover, basic_altar, corexii_checkpoint_a,
          serial_bayou_pond_c, evilmike_ruin_ashenzari
D:11:     erik_orc_4, serial_shops, shop_fountains, serial_glass,
          glass_columns_a, glass_columns_c, glass_columns_b, glass_columns_a
Lair:1:   grunt_forest_stairs_basic, minivault_19
Lair:2:   minmay_guarded_unrand_snakebite, guppyfry_snake_entry_island,
          serial_bayou_shore_b, infiniplex_staircase_pool_2
Lair:3:   basic_altar, grunt_megastairs_1
Lair:4:   minmay_shoals_entry_lonely_mermaid, nicolae_volcano_entry_batcave,
          basic_altar, serial_bayou_shore_a, minmay_lair_oklob_chamber,
          uniq_nessos, uniq_kirke

Skill      XL: |  1  2  3  4  5  6  7  8  9 10 11 12 |
---------------+-------------------------------------+-----
Axes           | 3 4 5 6 7 9 10 12 13 | 13.6
Dodging        | 1 2 3 5 6 7 8 9 |  9.8
Fighting       | 3 4 5 6 7 8 |  8.6
Armour         | 4 5 6 7 8 9 10 | 10.4
Shields        | 4 5 6 7 8 9 10 | 10.4

Action                   |  1- 3 |  4- 6 |  7- 9 | 10-12 || total
-------------------------+-------+-------+-------+-------++-------
Melee: War axe           |   124 |   159 |   327 |   695 ||  1305
 Abil: Heal Wounds       |       |     2 |     8 |    11 ||    21
Evoke: Wand              |       |       |       |    14 ||    14
  Use: Potion            |     4 |     6 |     3 |    10 ||    23
       Scroll            |     2 |     8 |     4 |     9 ||    23
 Stab: Invisible         |       |       |       |     2 ||     2
  Eat: Chunk             |     2 |     2 |     5 |     3 ||    12
       Ration            |       |     1 |     4 |     2 ||     7
Armor: Scale mail        |    73 |       |       |       ||    73
       Chain mail        |       |    42 |    75 |       ||   117
       Plate armour      |       |       |    51 |   464 ||   515
       Steam dragon scal |       |       |     7 |       ||     7
Dodge: Dodged            |    57 |    26 |    81 |   320 ||   484
Block: Shield            |    87 |   137 |   339 |   751 ||  1314
       Reflection        |       |     2 |     6 |     8 ||    16

Table legend:
 A = Spawn XP
 B = Non-spawn XP
 C = Spawn XP percentage of total XP
 D = Spawn monster count
 E = Non-spawn monster count
 F = Spawn count percentage of total count
 G = Total turns spent on level
                    A         B        C        D         E        F      G
               +---------+---------+-------+---------+---------+-------+---------
         Total |       0 |   35206 |   0.0 |       0 |     295 |   0.0 |  9805
               +---------+---------+-------+---------+---------+-------+---------
           D:1 |       0 |      45 |   0.0 |       0 |      22 |   0.0 |   937
           D:2 |       0 |      64 |   0.0 |       0 |      22 |   0.0 |   736
           D:3 |       0 |      64 |   0.0 |       0 |       9 |   0.0 |   535
           D:4 |       0 |     320 |   0.0 |       0 |      18 |   0.0 |   527
           D:5 |       0 |     958 |   0.0 |       0 |       9 |   0.0 |   418
           D:6 |       0 |     546 |   0.0 |       0 |      10 |   0.0 |   730
           D:7 |       0 |    2089 |   0.0 |       0 |      35 |   0.0 |  1314
           D:8 |       0 |    1943 |   0.0 |       0 |      21 |   0.0 |   839
           D:9 |       0 |    5478 |   0.0 |       0 |      42 |   0.0 |   527
          D:10 |       0 |    1499 |   0.0 |       0 |      25 |   0.0 |   567
        Lair:1 |       0 |    5724 |   0.0 |       0 |      20 |   0.0 |   865
        Lair:2 |       0 |    5097 |   0.0 |       0 |      23 |   0.0 |   825
        Lair:3 |       0 |    4057 |   0.0 |       0 |      19 |   0.0 |   684
        Lair:4 |       0 |    7322 |   0.0 |       0 |      20 |   0.0 |   299
               +---------+---------+-------+---------+---------+-------+---------
